 Dungeon Crawl Stone Soup version 0.27-a0-1565-gad902ab807 (webtiles) character file.

Game seed: 4064395411579819388

1322 tygod the Covert (level 8, -4/54 HPs)
             Began as an Octopode Brigand on July 16, 2021.
             Was an Initiate of Dithmenos.
             Splashed by a brown ugly thing's acid (7 damage)
             ... on level 8 of the Dungeon.
             The game lasted 00:19:09 (6567 turns).

tygod the Covert (Octopode Brigand)                 Turns: 6567, Time: 00:19:10

Health: -4/54      AC: -7    Str: 12    XL:     8   Next: 59%
Magic:  8/8        EV: 14    Int: 19    God:    Dithmenos [......]
Gold:   287        SH:  0    Dex: 14    Spells: 7/7 levels left

rFire    . . .     SeeInvis .   w - +2 dagger (holy)
rCold    . . .     Faith    .   (no shield)
rNeg     . . .     Spirit   .   (helmet restricted)
rPois    .         Reflect  .   v - amulet of regeneration
rElec    .         Harm     .   i - +6 ring of intelligence
rCorr    .         Rampage  .   (no ring)
Will     .....                  (no ring)
Stlth    +++++.....             (no ring)
HPRegen  1.18/turn              (no ring)
MPRegen  0.11/turn              (no ring)
                                (no ring)
                                (no ring)

@: corroded
A: almost no armour, amphibious, 8 rings, camouflage 1, gelatinous body 1,
(nimble swimmer 1), tentacles
a: Renounce Religion


You were on level 8 of the Dungeon.
You worshipped Dithmenos.
Dithmenos was noncommittal.
You visited 2 branches of the dungeon, and saw 9 of its levels.

You collected 364 gold pieces.
You spent 77 gold pieces at shops.

Inventory:

Hand Weapons
 a - a +0 hand crossbow
 f - a +0 dagger of draining
 w - a +2 dagger of holy wrath (weapon)
 y - a +2 dagger
 B - a +0 rapier
Missiles
 b - 23 poisoned darts (quivered)
 c - 2 curare-tipped darts
 j - 67 bolts
 k - 79 sling bullets
Magical Staves
 h - a staff of death
Jewellery
 i - a +6 ring of intelligence (left tentacle)
 v - an amulet of regeneration (around mantle)
Wands
 g - a wand of polymorph (10)
 C - a wand of iceblast (18)
Scrolls
 e - a scroll of vulnerability {unknown}
 l - 2 scrolls of enchant armour
 m - 2 scrolls of torment
 q - a scroll of noise {unknown}
 r - 2 scrolls of amnesia
 s - 2 scrolls of magic mapping
 t - a scroll of immolation
 x - a scroll of enchant weapon
 A - a scroll of silence {unknown}
 E - a scroll of teleportation
 F - a scroll of fog
Potions
 n - 3 potions of invisibility
 o - a potion of might
 p - a potion of haste
 u - a potion of flight
 z - a potion of curing


   Skills:
 + Level 3.9 Fighting
 + Level 5.1 Short Blades
 * Level 3.5 Crossbows
 + Level 3.3 Throwing
 + Level 3.3 Dodging
 + Level 9.4 Stealth
 + Level 1.8 Unarmed Combat


You had 7 spell levels left.
You didn't know any spells.
Your spell library contained the following spells:

 Spells                   Type           Power      Damage    Failure   Level
 Magic Dart               Conj           0%         1d3       21%         1
 Searing Ray              Conj           0%         3d3       30%         2
 Call Canine Familiar     Summ           0%         N/A       52%         3
 Portal Projectile        Hex/Tloc       0%         N/A       52%         3
 Fulminant Prism          Conj/Hex       0%         3d6       90%         4
 Leda's Liquefaction      Hex/Erth       0%         N/A       90%         4
 Olgreb's Toxic Radiance  Pois           0%         N/A       90%         4
 Ozocubu's Refrigeration  Ice            0%         4d5       100%        7
 Ignition                 Fire           0%         3d3       100%        8


Dungeon Overview and Level Annotations

Branches:
Dungeon (8/15)             Temple (1/1) D:6
   Lair: D:8-11

Altars:
Ashenzari
Cheibriados
Dithmenos
Elyvilon
Fedhas
Gozag
Hepliaklqana
Kikubaaqudgha
Makhleb
Nemelex Xobeh
Okawaru
Qazlal
Ru
Sif Muna
Trog
Uskayaw
Vehumet
Wu Jian
Xom
Yredelemnul
Zin
The Shining One

Shops:
D:7 *

Annotations:
D:4 Purgy


Innate Abilities, Weirdness & Mutations

You cannot wear most types of armour.
You are amphibious.
You can wear up to eight rings at the same time.
Your skin changes colour to match your surroundings (Stealth+).
Your rubbery body absorbs attacks. (AC +1, EV +1)
((You are camouflaged near water. (Stealth+)))
You have tentacles for arms and can constrict up to eight enemies at once.


Message History

There is a stone staircase leading down here.
You climb downwards.
There is a stone staircase leading up here.
An orc comes into view. It is wielding a +0 dagger.
The helpless brown ugly thing fails to defend itself.
You skewer the brown ugly thing like a kebab!!!
Your grab misses the brown ugly thing.
Your squeeze misses the brown ugly thing.
The brown ugly thing is severely wounded.
The brown ugly thing pecks you! The acid corrodes you!
You are splashed with acid!
You barely miss the brown ugly thing. Your grab misses the brown ugly thing.
You squeeze the brown ugly thing, but do no damage.
The brown ugly thing is severely wounded.
You hit the brown ugly thing. Your grab misses the brown ugly thing.
You squeeze the brown ugly thing.
The brown ugly thing is almost dead.
The brown ugly thing pecks you.
You are splashed with acid.
You hit the brown ugly thing but do no damage.
Your grab misses the brown ugly thing.
The brown ugly thing is almost dead.
The brown ugly thing pecks you!
* * * LOW HITPOINT WARNING * * *
You are splashed with acid.
* * * LOW HITPOINT WARNING * * *
You feel better.
The brown ugly thing completely misses you.
You barely miss the brown ugly thing. Your grab misses the brown ugly thing.
The brown ugly thing is almost dead.
The brown ugly thing misses you.
You closely miss the brown ugly thing. You grab the brown ugly thing.
The brown ugly thing is almost dead.
You constrict the brown ugly thing, but do no damage.
You hit the brown ugly thing but do no damage.
The brown ugly thing is almost dead.
You constrict the brown ugly thing, but do no damage.
The brown ugly thing pecks you!
* * * LOW HITPOINT WARNING * * *
The acid corrodes you!
You are splashed with acid!
You die...

####
##.<#
#...#
#@.##
#....u###
......o
....⌠..
.......
##.....
+#...#
#...


You could see a brown ugly thing and an orc.

Vanquished Creatures
  Eustachio (D:5)
  A sky beast (D:7)
  2 necrophages
  An ogre (D:4)
  A phantom (D:4)
  A water moccasin zombie (D:7)
  2 scorpions
  2 bullfrog zombies
  A centaur zombie (D:7)
  An orc priest (D:5)
  5 hounds
  An iguana (D:5)
  2 orc wizards (D:6)
  Robin (D:4)
  A howler monkey skeleton (D:4)
  6 adders
  A shadow imp (D:6)
  A white imp (D:7)
  4 ufetubi
  3 worms
  5 dart slugs
  11 orcs
  11 endoplasms
  2 giant cockroaches
  7 hobgoblins (D:4)
  5 jackals
  7 kobolds
  3 quokkas
  7 ball pythons
  3 bats
  7 frilled lizards
  12 goblins
  4 rats
122 creatures vanquished.

Notes
Turn   | Place    | Note
-------+----------+-------------------------------------------
     0 | D:1      | tygod the Octopode Brigand began the quest for the Orb.
     0 | D:1      | Reached XP level 1. HP: 14/14 MP: 1/1
   538 | D:1      | Reached XP level 2. HP: 18/19 MP: 2/2
  1180 | D:2      | Reached skill level 6 in Stealth
  1180 | D:2      | Reached XP level 3. HP: 10/24 MP: 3/3
  1185 | D:2      | HP: 1/24 [poisoned by an adder]
  2140 | D:3      | Reached XP level 4. HP: 30/30 MP: 4/4
  2640 | D:2      | Found a hide-covered altar of Uskayaw.
  2731 | D:2      | Reached XP level 5. HP: 35/35 MP: 5/5
  2919 | D:2      | Reached skill level 7 in Stealth
  3207 | D:4      | Noticed Robin
  3469 | D:4      | Reached XP level 6. HP: 41/41 MP: 6/6
  3482 | D:4      | Reached skill level 8 in Stealth
  3503 | D:4      | Noticed Purgy
  3512 | D:5      | Entered Level 5 of the Dungeon
  3514 | D:5      | Noticed a necrophage
  3523 | D:5      | Noticed Eustachio
  3738 | D:5      | Killed a necrophage
  3942 | D:4      | Reached XP level 7. HP: 36/45 MP: 7/7
  4312 | D:5      | Reached skill level 1 in Crossbows
  4318 | D:5      | Reached skill level 9 in Stealth
  4608 | D:4      | Killed Robin
  5013 | D:5      | Killed Eustachio
  5014 | D:5      | Reached skill level 1 in Unarmed Combat
  5014 | D:5      | Reached XP level 8. HP: 52/52 MP: 8/8
  5369 | D:6      | Found a staircase to the Ecumenical Temple.
  5396 | Temple   | Entered the Ecumenical Temple
  5451 | Temple   | Became a worshipper of Dithmenos the Shadowed
  5626 | D:6      | Found an iron altar of Okawaru.
  6388 | D:7      | Reached skill level 5 in Short Blades
  6429 | D:7      | Found Uloseimu's General Store.
  6436 | D:7      | Bought a scroll of identify for 22 gold pieces
  6436 | D:7      | Bought a scroll of fog for 22 gold pieces
  6436 | D:7      | Bought a scroll of teleportation for 33 gold pieces
  6557 | D:8      | Noticed a brown ugly thing
  6567 | D:8      | Splashed by a brown ugly thing's acid

Illustrated notes

Levels and vault maps discovered:
D:1:      lightli_arrival_lavapool, layout_loops_corners
D:2:      layout_basic, basic_altar, minmay_randomly_rotated_circles
D:3:      layout_basic
D:4:      layout_cave_pods, nicolae_ossuary_entry_plus, minmay_box_of_dots,
          uniq_purgy, uniq_robin
D:5:      layout_basic, minmay_fractal_squares_5, uniq_eustachio
D:6:      layout_basic, mainiacjoe_overflow_small_starburst,
          minmay_temple_entry_stoned_glass
D:7:      layout_basic, serial_shops, kennysheep_little_box, nzn_random_ring
D:8:      layout_rooms, grunt_ministairs_6, minmay_misc_feat_four_crosses,
          uniq_maggie, uniq_prince_ribbit1, uniq_joseph, uniq_harold
Temple:   kilobyte_greek_temple

Skill      XL: |  1  2  3  4  5  6  7  8 |
---------------+-------------------------+-----
Stealth        | 6 7 8 9 |  9.4
Short Blades   | 3 4 5 |  5.1
Dodging        | 2 3 |  3.3
Crossbows      | 2 3 |  3.5
Fighting       | 3 |  3.9
Throwing       | 3 |  3.3
Unarmed Combat | 1 |  1.8

Action                   |  1- 3 |  4- 6 |  7- 9 || total
-------------------------+-------+-------+-------++-------
Melee: Dagger            |    58 |    96 |   147 ||   301
       Tentacles         |     8 |    16 |    31 ||    55
       Constrict         |     9 |    15 |    30 ||    54
       Unarmed           |       |       |    17 ||    17
 Fire: Hand crossbow     |       |       |    11 ||    11
Throw: Dart              |    13 |    12 |     7 ||    32
  Use: Potion            |     1 |       |     1 ||     2
       Scroll            |       |     5 |     9 ||    14
 Stab: Sleeping          |     5 |    19 |     4 ||    28
Armor: Skin              |     3 |     4 |     4 ||    11
Dodge: Dodged            |    38 |    57 |    78 ||   173

Table legend: (Time is in decaauts)
 A = Elapsed time spent in this place.
 B = Non-inter-level travel time spent in this place.
 C = Inter-level travel time spent in this place.
 D = Time resting spent in this place.
 E = Time spent auto-exploring this place.
 F = Levels seen in this place.
 G = Mean time per level.
                   A        B        C        D        E       F      G
               +--------+--------+--------+--------+--------+-----+--------+
         Total |   6521 |   5918 |    603 |    841 |   3478 |   9 |  724.6 |
       Dungeon |   6424 |   5858 |    566 |    841 |   3437 |   8 |  803.0 |
        Temple |     97 |     60 |     37 |      0 |     41 |   1 |   97.0 |
               +--------+--------+--------+--------+--------+-----+--------+

Top non-repeatable levels by time:
     D:4: 1532 daAuts
     D:2: 1199 daAuts
     D:1: 1070 daAuts
     D:6: 872 daAuts
     D:5: 806 daAuts
     D:3: 724 daAuts
     D:7: 211 daAuts
  Temple: 97 daAuts
     D:8: 8 daAuts
